 Dungeon Crawl Stone Soup version 0.29.1-2-gbd0b4ee654 (webtiles) character file.

Game seed: 11358680212971895470

14528 sanboga the Fighter (level 12, -5/136 HPs)
             Began as an Ogre Berserker on Nov 21, 2022.
             Was a High Priest of Trog.
             Slain by a vampire mosquito (8 damage)
             ... on level 11 of the Dungeon.
             The game lasted 00:18:17 (17063 turns).

sanboga the Fighter (Ogre Berserker)               Turns: 17063, Time: 00:18:17

Health: -5/136     AC:  4    Str: 28    XL:     12   Next: 17%
Magic:  12/12      EV: 20    Int:  8    God:    Trog [*****.]
Gold:   1018       SH:  0    Dex:  8    Spells: 11/11 levels left

rFire   . . .      SeeInvis .   r - +0 giant spiked club (freeze)
rCold   . . .      Faith    .   (shield currently unavailable)
rNeg    . . .      Spirit   .   j - +1 robe "Hiasel" {Slay+3}
rPois   .          Reflect  .   (helmet restricted)
rElec   .          Harm     .   (no cloak)
rCorr   .          Rampage  .   (gloves unavailable)
Will    +....                   (boots unavailable)
Stlth   +.........              (no amulet)
HPRegen 0.32/turn               c - +4 ring of evasion
MPRegen 0.13/turn               A - +4 ring of evasion

@: on berserk cooldown, slowed, very slow
A: large, unfitting armour, tough skin 1
a: Renounce Religion, Berserk, Trog's Hand, Brothers in Arms


You were on level 11 of the Dungeon.
You worshipped Trog.
Trog was extremely pleased with you.
You visited 1 branch of the dungeon, and saw 11 of its levels.
You also visited: Bailey.

You collected 1341 gold pieces.
You spent 323 gold pieces at shops.

Inventory:

Hand Weapons
 r - a +0 giant spiked club of freezing (weapon)
Armour
 j - the +1 robe "Hiasel" (worn) {Slay+3}
   (You acquired it on level 10 of the Dungeon)

   Slay:      It affects your accuracy & damage with ranged weapons and melee
   (+3).
Jewellery
 c - a +4 ring of evasion (left hand)
 t - a ring of ice
 y - a ring of poison resistance
 A - a +4 ring of evasion (right hand)
Wands
 e - a wand of mindburst (17)
 q - a wand of quicksilver (9)
Scrolls
 b - 2 scrolls of identify
 g - 2 scrolls of teleportation
 h - 2 scrolls of fog
 i - 2 scrolls of brand weapon
 o - 2 scrolls of blinking
 p - a scroll of fear
 u - a scroll of summoning
 v - a scroll of magic mapping
Potions
 a - 5 potions of flight
 f - 2 potions of resistance
 k - 3 potions of mutation
 l - a potion of might
 m - 3 potions of haste
 n - 2 potions of berserk rage
 s - a potion of ambrosia
 w - a potion of invisibility
 x - a potion of cancellation
 z - a potion of curing


   Skills:
 + Level 13.2 Fighting
 * Level 12.9 Maces & Flails
 + Level 9.4 Dodging


You had 11 spell levels left.
You didn't know any spells.
Your spell library was empty.

Dungeon Overview and Level Annotations

Branches:
Dungeon (11/15)            Temple (0/1) D:4            Lair (0/5) D:8
 Bailey (visited)
    Orc: D:9-12

Altars:
Dithmenos
Elyvilon
Fedhas
Kikubaaqudgha
Makhleb
Sif Muna
Trog
Yredelemnul

Shops:
D:5 [?   D:6 *   D:10 :

Annotations:
D:5 1 runed translucent door, Rudyous's ghost, novice HOFi


Innate Abilities, Weirdness & Mutations

You are too large for most types of armour.
You have tough skin. (AC +1)


Message History

The kobold barely misses you. The kobold misses you.
The vampire mosquito closely misses you.
You thump the vampire mosquito! You freeze the vampire mosquito.
The vampire mosquito is severely damaged.
The vampire mosquito bites you!
* * * LOW HITPOINT WARNING * * *
The vampire mosquito draws strength from your injuries!
The vampire mosquito bites you but does no damage.
The kobold completely misses you. The kobold barely misses you.
The kobold hits you with a +0 dagger.
* * * LOW HITPOINT WARNING * * *
The kobold brigand hits you with a +0 dagger.
* * * LOW HITPOINT WARNING * * *
The vampire mosquito misses you.
You closely miss the vampire mosquito.
The vampire mosquito is moderately damaged.
The vampire mosquito misses you. The kobold completely misses you.
The kobold closely misses you. The kobold barely misses you.
The kobold brigand closely misses you. The vampire mosquito bites you.
* * * LOW HITPOINT WARNING * * *
The vampire mosquito draws strength from your injuries!
The kobold completely misses you.
The kobold brigand completely misses you.
The kobold completely misses you. The kobold barely misses you.
The vampire mosquito bites you.
* * * LOW HITPOINT WARNING * * *
The vampire mosquito draws strength from your injuries!
You miss the vampire mosquito. The vampire mosquito misses you.
The vampire mosquito completely misses you.
The kobold misses you. x2
The kobold hits you with a +0 short sword.
* * * LOW HITPOINT WARNING * * *
The kobold brigand misses you. The vampire mosquito barely misses you.
The kobold barely misses you.
The kobold brigand hits you with a +0 dagger.
* * * LOW HITPOINT WARNING * * *
The kobold misses you. The kobold hits you with a +0 dagger.
* * * LOW HITPOINT WARNING * * *
You closely miss the vampire mosquito. The vampire mosquito bites you!
You die...

#......).####
#...................
#.........#####.....
#.........# #.####
.####.........# #.# #
..............# #.# #
!.............# #.# #
.......$/.....# #.# #
......y@K.....# #.# #
......KKK.....#####.# #
....................# #
...................:# #
..............#####.####
..............# #.....
........####..# #.....
........# #..# #..##.
.#####..# #..# #..##.


You could see a vampire mosquito, a kobold brigand and 3 kobolds.

Vanquished Creatures
  Fannar (D:11)
  3 two-headed ogres
  3 death yaks
  A deep elf pyromancer (D:10)
  A cyclops (D:9)
  A gargoyle (D:11)
  A komodo dragon (D:11)
  A troll (D:9)
  3 hornets
  Grinder (D:4)
  2 shadows (D:11)
  A wraith (D:9)
  A vampire (D:10)
  3 wyverns
  Grum (D:11)
  8 yaks (D:9)
  A vampire mosquito (D:11)
  An acid dragon (D:11)
  A water moccasin (D:5)
  12 orc warriors
  A black bear (D:7)
  An ice beast (D:6)
  The ghost of safid the Shooter, an amateur MiHu (D:3)
  A sky beast (D:7)
  7 centaurs
  5 ogres
  3 wolves (D:11)
  3 phantoms
  5 bullfrogs
  A kobold brigand (D:9)
  A gnoll sergeant (D:6)
  A scorpion (D:5)
  5 wights (D:8)
  7 electric eels (D:11)
  3 howler monkeys
  4 hounds
  3 orc priests
  2 gnoll boudas
  7 jellies
  4 iguanas
  13 orc wizards
  2 hell rats (D:8)
  16 gnolls
  8 adders
  4 shadow imps (D:5)
  5 white imps
  4 ufetubi (D:5)
  A worm (D:2)
  A dart slug (D:1)
  24 orcs
  4 bats
  8 endoplasms
  5 giant cockroaches
  7 hobgoblins
  3 quokkas
  4 ball pythons
  2 frilled lizards
  14 goblins
  15 kobolds
  3 rats
255 creatures vanquished.

Vanquished Creatures (others)
  2 demonic plants (D:5)
  2 withered plants (D:5)
4 creatures vanquished.

Grand Total: 259 creatures vanquished

Notes
Turn   | Place    | Note
-------+----------+-------------------------------------------
     0 | D:1      | sanboga the Ogre Berserker began the quest for the Orb.
     0 | D:1      | Reached XP level 1. HP: 24/24 MP: 1/1
   127 | D:1      | Reached XP level 2. HP: 28/32 MP: 2/2
   664 | D:1      | Reached XP level 3. HP: 39/40 MP: 3/3
  1357 | D:2      | Reached ** piety under Trog
  1724 | D:3      | Reached XP level 4. HP: 46/49 MP: 4/4
  2091 | D:3      | Found a shimmering blue altar of Sif Muna.
  2120 | D:3      | Found a burning altar of Makhleb.
  2251 | D:3      | Found a runed translucent door.
  2257 | D:3      | Noticed safid's ghost (amateur MiHu)
  2294 | D:3      | Found a faded altar of an unknown god.
  2296 | D:3      | Noticed an orc warrior
  2305 | D:3      | Killed an orc warrior
  2306 | D:3      | Reached skill level 5 in Fighting
  2306 | D:3      | Reached XP level 5. HP: 56/57 MP: 5/5
  2482 | D:3      | Reached XP level 6. HP: 28/66 MP: 6/6
  2795 | D:3      | Killed safid's ghost
  3251 | D:4      | Noticed Grinder
  3251 | D:4      | Paralysed by Grinder for 2 turns
  3298 | D:4      | Paralysed by Grinder for 2 turns
  3314 | D:4      | Killed Grinder
  3315 | D:4      | Reached skill level 6 in Fighting
  3315 | D:4      | Reached skill level 5 in Maces & Flails
  3315 | D:4      | Reached XP level 7. HP: 27/75 MP: 7/7
  3845 | D:4      | Noticed a hornet
  3856 | D:4      | Killed a hornet
  4059 | D:4      | Found a basalt altar of Yredelemnul.
  4125 | D:4      | Found a staircase to the Ecumenical Temple.
  4329 | D:5      | Entered Level 5 of the Dungeon
  4331 | D:5      | Found an ancient bone altar of Kikubaaqudgha.
  4409 | D:5      | Reached skill level 7 in Fighting
  4409 | D:5      | Reached XP level 8. HP: 71/87 MP: 8/8
  4429 | D:5      | Reached skill level 5 in Dodging
  4829 | D:5      | Found Uzyplu's Armour Emporium.
  4848 | D:5      | You fall into a shaft and drop 1 floor!
  4866 | D:6      | Found Rotzaema's Assorted Antiques.
  5122 | D:6      | Bought a glowing scarf for 208 gold pieces
  5122 | D:6      | Bought a scroll of identify for 52 gold pieces
  5122 | D:6      | Bought a black potion for 23 gold pieces
  5165 | D:6      | Reached skill level 8 in Fighting
  5672 | D:6      | Reached *** piety under Trog
  5682 | D:6      | Reached XP level 9. HP: 80/97 MP: 9/9
  6150 | D:6      | HP: 4/97 [orc wizard/+0 dagger (4)]
  6705 | D:5      | Found Qasi's Magic Scroll Emporium.
  6711 | D:5      | Bought a scroll of noise for 10 gold pieces
  6711 | D:5      | Bought a scroll of teleportation for 30 gold pieces
  6735 | D:5      | Reached skill level 9 in Fighting
  8060 | D:5      | Found a runed translucent door.
  8060 | D:5      | Noticed Rudyous's ghost (novice HOFi)
  8377 | D:7      | Found a white marble altar of Elyvilon.
  8478 | D:7      | Found a flagged portal.
  8499 | Bailey   | Entered a bailey
  8564 | Bailey   | Reached **** piety under Trog
  8635 | Bailey   | Reached XP level 10. HP: 81/110 MP: 10/10
  8735 | Bailey   | Reached skill level 10 in Fighting
 10267 | D:8      | Reached skill level 10 in Maces & Flails
 10274 | D:8      | Noticed a death yak
 10275 | D:8      | Found a staircase to the Lair.
 10275 | D:8      | Noticed a death yak
 10277 | D:8      | Noticed a death yak
 10317 | D:8      | Killed a death yak
 10694 | D:7      | Killed a death yak
 10695 | D:7      | Reached skill level 11 in Fighting
 11041 | D:8      | Killed a death yak
 11319 | D:8      | Reached XP level 11. HP: 109/120 MP: 11/11
 11931 | D:9      | Noticed a two-headed ogre
 11936 | D:9      | Killed a two-headed ogre
 12001 | D:9      | Noticed a cyclops
 12010 | D:9      | Killed a cyclops
 12225 | D:9      | Found a shadowy altar of Dithmenos.
 12248 | D:9      | Paralysed by a hornet for 1 turns
 12252 | D:9      | Paralysed by a hornet for 3 turns
 13319 | D:9      | Reached skill level 12 in Fighting
 13396 | D:9      | Noticed a two-headed ogre
 13404 | D:9      | Killed a two-headed ogre
 14209 | D:10     | Entered Level 10 of the Dungeon
 14259 | D:10     | Found a bloodstained altar of Trog.
 14405 | D:10     | Found a blossoming altar of Fedhas.
 14568 | D:10     | Found Memu's Book Boutique.
 14639 | D:10     | Noticed a two-headed ogre
 14652 | D:10     | Killed a two-headed ogre
 14762 | D:10     | Noticed a deep elf pyromancer
 14773 | D:10     | Killed a deep elf pyromancer
 15151 | D:10     | Identified a scroll of acquirement
 15153 | D:10     | Acquired the +1 robe "Hiasel" {Slay+3}
 16265 | D:11     | Reached XP level 12. HP: 96/133 MP: 12/12
 16412 | D:11     | Noticed Grum
 16418 | D:11     | Killed Grum
 16423 | D:11     | Reached skill level 13 in Fighting
 16523 | D:11     | Noticed Fannar
 16533 | D:11     | Killed Fannar
 16533 | D:11     | Reached ***** piety under Trog
 17062 | D:11     | HP: 6/136 [kobold/+0 short sword (2)]
 17062 | D:11     | HP: 2/136 [kobold/+0 dagger (1)]
 17063 | D:11     | Slain by a vampire mosquito

Illustrated notes

Levels and vault maps discovered:
D:1:      saegor_arrival_simple_d, layout_basic
D:2:      layout_loops_ring, chequers_serial_rivers_micro_b,
          kennysheep_generic_room_11
D:3:      layout_loops_ring, mainiacjoe_overflow_two_lobes,
          ebering_ghost_reflecting_pool, hellmonk_ecumenical_altar_crossroads
D:4:      layout_basic, marbit_many_paths, minmay_temple_entry_stoned_glass,
          serial_bayou_crossing, uniq_grinder
D:5:      kennysheep_spiral_hall, layout_loops_corners, lemuel_crystal_altar,
          serial_shops, nicolae_stop_n_shop_1, kennysheep_mini_moat,
          serial_demonic, serial_demonic_b, serial_demonic_b, serial_demonic_g,
          serial_demonic_a, gammafunk_ghost_grave, kennysheep_generic_room_2
D:6:      layout_basic, serial_shops, shop, hangedman_decor_peaks_small,
          grunt_ministairs_6
D:7:      layout_loops_ring, elyvilon_altar_3, enter_bailey_5,
          eino_tiny_chamber, kennysheep_generic_room_6
D:8:      layout_basic, dpeg_lair_monsters, kennysheep_flooded_box
D:9:      layout_gridville, grunt_dithmenos_smoke_and_mirrors
D:10:     layout_gridville, nicolae_overflow_crystal_walls,
          mainiacjoe_overflow_alcove_4, serial_shops, shop, corexii_checkpoint_a
D:11:     erik_rubicon_a, layout_long_grid, kennysheep_generic_room_13,
          uniq_grum, uniq_fannar

Skill      XL: |  1  2  3  4  5  6  7  8  9 10 11 12 |
---------------+-------------------------------------+-----
Maces & Flails | 3 4 5 6 7 9 11 12 | 12.9
Dodging        | 3 4 5 6 8 9 |  9.4
Fighting       | 5 6 7 8 9 11 12 13 | 13.2

Action                   |  1- 3 |  4- 6 |  7- 9 | 10-12 || total
-------------------------+-------+-------+-------+-------++-------
Melee: Mace              |    91 |    88 |    62 |       ||   241
       Punch             |     2 |     1 |       |       ||     3
       Giant club        |       |       |   261 |   112 ||   373
       Giant spiked club |       |       |       |   145 ||   145
       Dire flail        |       |       |       |    83 ||    83
Invok: Berserk           |       |     2 |     6 |     7 ||    15
  Use: Scroll            |       |     6 |     9 |    13 ||    28
       Potion            |       |     2 |     7 |     3 ||    12
Armor: Animal skin       |    27 |     3 |       |       ||    30
       Robe              |       |     2 |   104 |    63 ||   169
       Skin              |       |       |    21 |       ||    21
Dodge: Dodged            |    81 |    71 |   356 |   381 ||   889
